PAAA
AUGUSTA TIMBER HAWKS @ BAKERSFIELD NOBLES
09/22/2023
 
TOP OF THE 1ST
Augusta Timber Hawks batting - Pitching for Bakersfield Nobles : RHP Raúl Pérez
Pitching: RHP Raúl Pérez
Batting: RHB Enrique Pimentel 0-0: Ball
1-0: Swinging Strike
1-1: Called Strike
1-2: Strikes out swinging
Batting: RHB Bob Sargent 0-0: Ground out 5-3 (Groundball, 5S)
Batting: LHB Chris Rice 0-0: Ball
1-0: Ball
2-0: Ball
3-0: Called Strike
3-1: Ground out 1-3 (Groundball, 23)
Top of the 1st over - 0 run(s), 0 hit(s), 0 error(s), 0 left on base; Augusta 0 - Bakersfield 0
BOTTOM OF THE 1ST
Bakersfield Nobles batting - Pitching for Augusta Timber Hawks : RHP Marvin Martin
Pitching: RHP Marvin Martin
Batting: RHB Mario Blanco 0-0: SINGLE (Line Drive, 4MD)
Batting: LHB Luis Velázquez 0-0: Ball
1-0: Called Strike
1-1: Fielders Choice at 2nd, 4-6 (Groundball, 4M)
Batting: LHB Emery Miller 0-0: Ball
1-0: Ball
2-0: Foul Ball, location: 2F
2-1: Fielders Choice at 2nd, 4-6 (Groundball, 34)
Batting: LHB Jorge Pérez 0-0: Foul Ball, location: 2F
0-1: Ball
1-1: Ball
2-1: Foul Ball, location: 2F
2-2: Ball
3-2: Base on Balls
Emery Miller to second
Batting: RHB Arnie Latham 0-0: Ball
1-0: Foul Ball, location: 2F
1-1: Swinging Strike
1-2: Foul Ball, location: 2F
1-2: Foul Ball, location: 2F
1-2: Foul Ball, location: 2F
1-2: Ball
2-2: Foul Ball, location: 2F
2-2: Fielders Choice at 2nd, 6-4 (Groundball, 6)
Bottom of the 1st over - 0 run(s), 1 hit(s), 0 error(s), 1 left on base; Augusta 0 - Bakersfield 0
TOP OF THE 2ND
Augusta Timber Hawks batting - Pitching for Bakersfield Nobles : RHP Raúl Pérez
Batting: RHB Steve Hinkle 0-0: Ball
1-0: Ground out 6-3 (Groundball, 6)
Batting: LHB Emílio Barbán 0-0: Called Strike
0-1: Fly out, F7 (Popup, 56D)
Batting: RHB Rob Warner 0-0: Ground out 1-3 (Groundball, 15)
Top of the 2nd over - 0 run(s), 0 hit(s), 0 error(s), 0 left on base; Augusta 0 - Bakersfield 0
BOTTOM OF THE 2ND
Bakersfield Nobles batting - Pitching for Augusta Timber Hawks : RHP Marvin Martin
Batting: LHB Markus Richardson 0-0: Bunted foul
0-1: Ball
1-1: SINGLE (Groundball, 5D)
Batting: SHB Ray Davis 0-0: Ball
1-0: Foul Ball, location: 2F
1-1: Swinging Strike
1-2: DOUBLE (Line Drive, 7LM)
Markus Richardson to third
Batting: RHB Luis Jiménez 0-0: Called Strike
0-1: Ball
1-1: Ball
2-1: Foul Ball, location: 2F
2-2: Strikes out looking
Batting: RHB Vincente Flores 0-0: Ball
1-0: Fly out, F2 (Popup, 2RF)
Batting: RHB Mario Blanco 0-0: Called Strike
0-1: Swinging Strike
0-2: Ball
1-2: Ball
2-2: Ball
3-2: Base on Balls
Batting: LHB Luis Velázquez 0-0: Called Strike
0-1: Foul Ball, location: 2F
0-2: Ball
1-2: Ball
2-2: Ground out U3 (Groundball, 3S)
Bottom of the 2nd over - 0 run(s), 2 hit(s), 0 error(s), 3 left on base; Augusta 0 - Bakersfield 0
TOP OF THE 3RD
Augusta Timber Hawks batting - Pitching for Bakersfield Nobles : RHP Raúl Pérez
Batting: RHB Hiwahikeiki Noelani 0-0: Called Strike
0-1: Ball
1-1: Ball
2-1: SINGLE (Groundball, 4MD)
Batting: RHB Ralph McKnight 0-0: Ball
1-0: Called Strike
1-1: Ball
2-1: Fielders Choice at 2nd, 1-6 (Groundball, 25)
Batting: RHB Marlon Cummins 0-0: Called Strike
0-1: Called Strike
0-2: Ball
1-2: Foul Ball, location: 2F
1-2: Ball
2-2: Ball
Throwing error on steal attempt, E2
Ralph McKnight to third
3-2: Foul Ball, location: 2F
3-2: Ground out 6-3 (Groundball, 6)
Ralph McKnight scores
Batting: RHB Enrique Pimentel 0-0: Ball
1-0: Swinging Strike
1-1: Swinging Strike
1-2: SOLO HOME RUN (Flyball, 78XD), Distance : 408 ft
Batting: RHB Bob Sargent 0-0: Ball
1-0: Foul Ball, location: 2F
1-1: SINGLE (Line Drive, 6MD)
Batting: LHB Chris Rice 0-0: Called Strike
0-1: Ball
1-1: SINGLE (Groundball, 6MD)
Bob Sargent to second
Runner from 2nd tries for 3rd, SAFE, throw made to third
Batting: RHB Steve Hinkle 0-0: Called Strike
0-1: SINGLE (Groundball, 56D)
Bob Sargent scores
Chris Rice to second
Batting: LHB Emílio Barbán 0-0: Swinging Strike
0-1: SINGLE (Line Drive, 34)
Chris Rice to third
Steve Hinkle to second
Batting: RHB Rob Warner 0-0: Ball
1-0: Fly out, F3 (Popup, 3SF)
Top of the 3rd over - 3 run(s), 6 hit(s), 1 error(s), 3 left on base; Augusta 3 - Bakersfield 0
BOTTOM OF THE 3RD
Bakersfield Nobles batting - Pitching for Augusta Timber Hawks : RHP Marvin Martin
Batting: LHB Emery Miller 0-0: Ball
1-0: Ball
2-0: Ball
3-0: Base on Balls
Batting: LHB Jorge Pérez 0-0: Ball
1-0: Ball
2-0: Ball
3-0: Base on Balls
Emery Miller to second
Batting: RHB Arnie Latham 0-0: Swinging Strike
0-1: Ball
1-1: Foul Ball, location: 2F
1-2: Ball
2-2: Ball
3-2: Foul Ball, location: 2F
3-2: Reached on error, E5 (Groundball, 5S)
Emery Miller scores
Jorge Pérez to third
Batting: LHB Markus Richardson 0-0: Called Strike
0-1: Swinging Strike
0-2: Ball
1-2: Strikes out swinging
Batting: SHB Ray Davis 0-0: Swinging Strike
0-1: Ball
1-1: Ball
2-1: Foul Ball, location: 2F
2-2: Ball
3-2: Foul Ball, location: 2F
3-2: Fly out, F9 (Flyball, 9S)
Batting: RHB Luis Jiménez 0-0: Ball
1-0: Ball
2-0: Ball
3-0: Base on Balls
Batting: RHB Vincente Flores 0-0: Ball
1-0: Ground out 6-3 (Groundball, 6)
Bottom of the 3rd over - 1 run(s), 0 hit(s), 1 error(s), 3 left on base; Augusta 3 - Bakersfield 1
TOP OF THE 4TH
Augusta Timber Hawks batting - Pitching for Bakersfield Nobles : RHP Raúl Pérez
Batting: RHB Hiwahikeiki Noelani 0-0: DOUBLE (Groundball, 5L)
Batting: RHB Ralph McKnight 0-0: Ball
1-0: Called Strike
1-1: Ground out 6-3 (Groundball, 6)
Batting: RHB Marlon Cummins 0-0: Fly out, F9 (Flyball, 9M)
Batting: RHB Enrique Pimentel 0-0: Ball
1-0: Foul Ball, location: 2F
1-1: Ball
2-1: Ground out 6-3 (Groundball, 6)
Top of the 4th over - 0 run(s), 1 hit(s), 0 error(s), 1 left on base; Augusta 3 - Bakersfield 1
BOTTOM OF THE 4TH
Bakersfield Nobles batting - Pitching for Augusta Timber Hawks : RHP Marvin Martin
Batting: RHB Mario Blanco 0-0: Called Strike
0-1: Swinging Strike
0-2: Reached on error, E5 (Groundball, 5S)
Batting: LHB Luis Velázquez 0-0: Foul Ball, location: 2F
0-1: Ball
1-1: Ball
2-1: Foul Ball, location: 2F
2-2: Strikes out looking
Batting: LHB Emery Miller 0-0: Ball
1-0: Ball
2-0: Ball
3-0: Called Strike
3-1: Base on Balls
Batting: LHB Jorge Pérez 0-0: Ball
1-0: Fly out, F9 (Line Drive, 9M)
Batting: RHB Arnie Latham 0-0: Fly out, F8 (Flyball, 8LM)
Bottom of the 4th over - 0 run(s), 0 hit(s), 1 error(s), 2 left on base; Augusta 3 - Bakersfield 1
TOP OF THE 5TH
Augusta Timber Hawks batting - Pitching for Bakersfield Nobles : RHP Raúl Pérez
Batting: RHB Bob Sargent 0-0: Ball
1-0: Ball
2-0: Ball
3-0: Base on Balls
Batting: LHB Chris Rice 0-0: Ball
1-0: Ball
2-0: Ball
3-0: Called Strike
3-1: Foul Ball, location: 2F
3-2: Base on Balls
Bob Sargent to second
Batting: RHB Steve Hinkle 0-0: Ball
1-0: Ball
2-0: Ball
3-0: Called Strike
3-1: Foul Ball, location: 2F
3-2: Base on Balls
Bob Sargent to third
Chris Rice to second
Batting: LHB Emílio Barbán 0-0: Foul Ball, location: 2F
0-1: Swinging Strike
0-2: Strikes out swinging
Batting: RHB Rob Warner 0-0: Ball
1-0: Called Strike
1-1: Swinging Strike
1-2: Foul Ball, location: 2F
1-2: SINGLE (Flyball, 9LS)
Bob Sargent scores
Chris Rice to third
Steve Hinkle to second
Runner from 3rd tries for Home, SAFE, throw made home
Batting: RHB Hiwahikeiki Noelani 0-0: Ball
1-0: Called Strike
1-1: Called Strike
1-2: Foul Ball, location: 2F
1-2: Strikes out swinging
Batting: RHB Ralph McKnight 0-0: Swinging Strike
0-1: Ball
1-1: SINGLE (Groundball, 56) (infield hit)
Steve Hinkle to third
Rob Warner to second
Batting: RHB Marlon Cummins 0-0: Fly out, F9 (Flyball, 9D)
Top of the 5th over - 2 run(s), 2 hit(s), 0 error(s), 3 left on base; Augusta 5 - Bakersfield 1
BOTTOM OF THE 5TH
Bakersfield Nobles batting - Pitching for Augusta Timber Hawks : RHP Marvin Martin
Batting: LHB Markus Richardson 0-0: Foul Ball, location: 2F
0-1: Ground out U3 (Groundball, 3L)
Batting: SHB Ray Davis 0-0: Ball
1-0: Ball
2-0: Fly out, F8 (Flyball, 8LM)
Batting: RHB Luis Jiménez 0-0: Ball
1-0: Foul Ball, location: 2F
1-1: Ground out 6-3 (Groundball, 6M)
Bottom of the 5th over - 0 run(s), 0 hit(s), 0 error(s), 0 left on base; Augusta 5 - Bakersfield 1
TOP OF THE 6TH
Augusta Timber Hawks batting - Pitching for Bakersfield Nobles : RHP Raúl Pérez
Batting: RHB Enrique Pimentel 0-0: Ball
1-0: Foul Ball, location: 2F
1-1: Ball
2-1: Fly out, F3 (Popup, 3SF)
Batting: RHB Bob Sargent 0-0: SINGLE (Groundball, 56D)
Batting: LHB Chris Rice 0-0: Ball
1-0: SINGLE (Line Drive, 4M)
Bob Sargent to second
Batting: RHB Steve Hinkle 0-0: Ball
1-0: 3-RUN HOME RUN (Flyball, 7D), Distance : 372 ft
Pitching: RHP Roberto Pérez
Batting: LHB Emílio Barbán 0-0: Ball
1-0: Called Strike
1-1: Foul Ball, location: 2F
1-2: Strikes out swinging
Batting: RHB Rob Warner 0-0: Called Strike
0-1: Ball
1-1: Ball
2-1: Called Strike
2-2: Ball
3-2: Fly out, F7 (Line Drive, 78S)
Top of the 6th over - 3 run(s), 3 hit(s), 0 error(s), 0 left on base; Augusta 8 - Bakersfield 1
BOTTOM OF THE 6TH
Bakersfield Nobles batting - Pitching for Augusta Timber Hawks : RHP Marvin Martin
Pitching: LHP Doug Ferguson
Batting: RHB Vincente Flores 0-0: Ball
1-0: Called Strike
1-1: Ball
2-1: Ground out 6-3 (Groundball, 56)
Batting: RHB Mario Blanco 0-0: Called Strike
0-1: Fly out, F6 (Popup, 56D)
Batting: LHB Luis Velázquez 0-0: Ball
1-0: Ball
2-0: Ground out 6-3 (Groundball, 6)
Bottom of the 6th over - 0 run(s), 0 hit(s), 0 error(s), 0 left on base; Augusta 8 - Bakersfield 1
TOP OF THE 7TH
Augusta Timber Hawks batting - Pitching for Bakersfield Nobles : RHP Roberto Pérez
Batting: RHB Hiwahikeiki Noelani 0-0: Called Strike
0-1: Fly out, F8 (Flyball, 8LM)
Batting: RHB Ralph McKnight 0-0: Called Strike
0-1: Swinging Strike
0-2: Foul Ball, location: 2F
0-2: Ball
1-2: Strikes out swinging
Batting: RHB Marlon Cummins 0-0: Ball
1-0: Fly out, F9 (Flyball, 9LMF)
Top of the 7th over - 0 run(s), 0 hit(s), 0 error(s), 0 left on base; Augusta 8 - Bakersfield 1
BOTTOM OF THE 7TH
Bakersfield Nobles batting - Pitching for Augusta Timber Hawks : LHP Doug Ferguson
Batting: LHB Emery Miller 0-0: Called Strike
0-1: Fly out, F9 (Flyball, 9D)
Batting: LHB Jorge Pérez 0-0: Ball
1-0: Ground out 4-3 (Groundball, 4)
Batting: RHB Arnie Latham 0-0: Ball
1-0: Called Strike
1-1: SINGLE (Groundball, 6) (infield hit)
Batting: LHB Markus Richardson 0-0: Called Strike
0-1: Ball
1-1: Ball
2-1: Ball
3-1: SINGLE (Groundball, 34S)
Arnie Latham to second
Runner from 2nd tries for 3rd, SAFE, throw made to third
Batting: SHB Ray Davis 0-0: Ball
1-0: Called Strike
1-1: Ball
2-1: Ground out 4-3 (Groundball, 4)
Bottom of the 7th over - 0 run(s), 2 hit(s), 0 error(s), 2 left on base; Augusta 8 - Bakersfield 1
TOP OF THE 8TH
Augusta Timber Hawks batting - Pitching for Bakersfield Nobles : RHP Roberto Pérez
Batting: RHB Enrique Pimentel 0-0: Ball
1-0: Ball
2-0: Fly out, F9 (Flyball, 9LM)
Batting: RHB Bob Sargent 0-0: Ball
1-0: Called Strike
1-1: Ground out 6-3 (Groundball, 6M)
Now at SS: Ted Cook
Batting: LHB Chris Rice 0-0: Ball
1-0: Foul Ball, location: 2F
1-1: Swinging Strike
1-2: Ball
2-2: Strikes out looking
Top of the 8th over - 0 run(s), 0 hit(s), 0 error(s), 0 left on base; Augusta 8 - Bakersfield 1
BOTTOM OF THE 8TH
Bakersfield Nobles batting - Pitching for Augusta Timber Hawks : LHP Doug Ferguson
Batting: RHB Ted Cook 0-0: Ball
1-0: Called Strike
1-1: Called Strike
1-2: SINGLE (Groundball, 56D)
Batting: RHB Vincente Flores 0-0: Ball
1-0: Called Strike
1-1: Ball
2-1: DOUBLE (Groundball, 5L)
Ted Cook to third
Batting: RHB Mario Blanco 0-0: Ball
1-0: Swinging Strike
1-1: Foul Ball, location: 2F
1-2: Ball
2-2: SINGLE (Line Drive, 56)
Ted Cook scores
Vincente Flores to third
Runner from 3rd tries for Home, SAFE, throw made home
Batting: LHB Luis Velázquez 0-0: Ball
1-0: Ball
2-0: Ball
3-0: Base on Balls
Mario Blanco to second
Batting: LHB Emery Miller 0-0: Ball
1-0: Ball
2-0: Ball
3-0: Called Strike
3-1: Fielders Choice at 2nd, 4-6 (Groundball, 4)
Mario Blanco to third
Batting: LHB Jorge Pérez 0-0: Ball
1-0: Ball
2-0: SINGLE (Flyball, 89S)
Mario Blanco scores
Emery Miller to second
Runner from 2nd tries for 3rd, SAFE, throw made to third
Pitching: RHP Francisco García
Batting: RHB Arnie Latham 0-0: Ball
1-0: Foul Ball, location: 2F
1-1: Ball
2-1: Foul Ball, location: 2F
2-2: Grounds into double play, 5-4-3 (Groundball, 56)
Bottom of the 8th over - 3 run(s), 4 hit(s), 0 error(s), 1 left on base; Augusta 8 - Bakersfield 4
TOP OF THE 9TH
Augusta Timber Hawks batting - Pitching for Bakersfield Nobles : RHP Roberto Pérez
Batting: RHB Steve Hinkle 0-0: Called Strike
0-1: Ball
1-1: Ball
2-1: Ground out 5-3 (Groundball, 5L)
Batting: LHB Emílio Barbán 0-0: Ball
1-0: Swinging Strike
1-1: Ball
2-1: Ground out 6-3 (Groundball, 6M)
Batting: RHB Rob Warner 0-0: Ground out 6-3 (Groundball, 6M)
Top of the 9th over - 0 run(s), 0 hit(s), 0 error(s), 0 left on base; Augusta 8 - Bakersfield 4
BOTTOM OF THE 9TH
Bakersfield Nobles batting - Pitching for Augusta Timber Hawks : RHP Francisco García
Pitching: RHP Tyler Rodríguez
Batting: LHB Markus Richardson 0-0: Swinging Strike
0-1: Called Strike
0-2: Ball
1-2: Ball
2-2: Fly out, F9 (Flyball, 9LM)
Batting: SHB Ray Davis 0-0: Ball
1-0: Swinging Strike
1-1: Called Strike
1-2: Foul Ball, location: 2F
1-2: Ball
2-2: Ball
3-2: Ground out 1-3 (Groundball, 13S)
Batting: RHB Ted Cook 0-0: Ball
1-0: Foul Ball, location: 2F
1-1: Ball
2-1: Ball
3-1: Base on Balls
Batting: RHB Vincente Flores 0-0: Called Strike
0-1: Ball
1-1: Ground out 1-3 (Groundball, 15)
Bottom of the 9th over - 0 run(s), 0 hit(s), 0 error(s), 1 left on base; Augusta 8 - Bakersfield 4
This league is powered by Out of the Park Baseball, the baseball management simulation game for PC, Mac and Linux
Friday, July 8th, 2016 - OOTP Baseball 16.9 Build 39